[ AOE2 MATCH · #505843056 ]
UnrankedMaya vs Poles
Player's team · WIN
Rival team · LOSS
[ REPLAY ANALYSIS · EXTRACTED FROM THE RECORDED GAME ]
Feudal
11:13
Castle
21:06
Imperial
—
| APM avg | 95.6 |
| APM peak | 137 |
| eAPM avg | 48.8 |
| Villagers / military | 114 / 61 |
Focus
⚔️ 50.2% · 🌾 49.8%
Archer ×43 · Eagle Scout ×6 · Mangonel ×5 · Militia ×3 · Monk ×2 · Spearman ×2
Feudal
8:52
Castle
20:04
Imperial
—
| APM avg | 68.4 |
| APM peak | 107 |
| eAPM avg | 26.2 |
| Villagers / military | 80 / 33 |
Focus
⚔️ 42.1% · 🌾 57.9%
Knight ×12 · Skirmisher ×12 · Mangonel ×5 · Scout Cavalry ×4
Match map
Initial resources + every placement click. Lines = walls · curves = elevation contours. ◆ gold · ⬟ stone · ● berries · ✦ relic · ◌ wall gap
Your base· ✓ Closed at 21:06 · 51t walls · 1 gate(s)
半月回淑's base· ✓ Closed at 20:04 · 33t walls · 1 gate(s)
Smoothed initial terrain · ◌ = detected wall gap · hover for details
Inputs per minute
— iamkaito - - 半月回淑
Build order — iamkaito
First 150 of 292 actions detected
| 0:00 | Queue | Villager (Male) |
| 0:00 | Queue | Villager (Male) |
| 0:02 | Research | Loom |
| 0:04 | Build | House |
| 0:05 | Build | House |
| 0:12 | Queue | Villager (Male) |
| 0:12 | Queue | Villager (Male) |
| 0:14 | Queue | Villager (Male) |
| 1:24 | Queue | Villager (Male) |
| 1:25 | Queue | Villager (Male) |
| 2:01 | Queue | Villager (Male) |
| 2:19 | Build | Lumber Camp |
| 2:30 | Queue | Villager (Male) |
| 2:55 | Queue | Villager (Male) |
| 2:55 | Queue | Villager (Male) |
| 3:09 | Queue | Villager (Male) |
| 3:10 | Queue | Villager (Male) |
| 3:42 | Queue | Villager (Male) |
| 3:56 | Build | House |
| 4:00 | Build | House |
| 4:12 | Queue | Villager (Male) |
| 4:12 | Queue | Villager (Male) |
| 4:39 | Queue | Villager (Male) |
| 4:40 | Queue | Villager (Male) |
| 5:08 | Build | Barracks |
| 5:10 | Build | Palisade Wall |
| 5:11 | Build | Palisade Wall |
| 5:16 | Queue | Villager (Male) |
| 5:19 | Queue | Villager (Male) |
| 5:55 | Queue | Villager (Male) |
| 6:12 | Queue | Militia |
| 6:13 | Queue | Villager (Male) |
| 6:26 | Build | Palisade Wall |
| 6:29 | Build | Palisade Wall |
| 6:32 | Queue | Militia |
| 6:34 | Queue | Villager (Male) |
| 6:45 | Build | Mill |
| 6:52 | Build | Palisade Wall |
| 6:55 | Queue | Militia |
| 6:59 | Build | Palisade Wall |
| 7:17 | Build | House |
| 7:34 | Queue | Villager (Male) |
| 7:44 | Queue | Villager (Male) |
| 7:54 | Build | Palisade Wall |
| 8:19 | Build | House |
| 8:34 | Queue | Villager (Male) |
| 8:43 | Build | Lumber Camp |
| 9:03 | Research | Feudal Age |
| 9:14 | Build | Palisade Wall |
| 9:28 | Build | House |
| 10:09 | Build | Mining Camp |
| 10:19 | Build | House |
| 10:24 | Build | House |
| 11:04 | Queue | Villager (Male) |
| 11:13 | Age | Feudal Age |
| 11:15 | Research | Double-Bit Axe |
| 11:16 | Queue | Spearman |
| 11:25 | Build | Archery Range |
| 11:41 | Queue | Villager (Male) |
| 11:44 | Research | Horse Collar |
| 11:46 | Build | House |
| 11:48 | Queue | Spearman |
| 11:52 | Build | Farm |
| 12:10 | Queue | Villager (Male) |
| 12:13 | Build | Farm |
| 12:17 | Queue | Archer |
| 12:20 | Queue | Villager (Male) |
| 12:23 | Queue | Archer |
| 12:33 | Build | House |
| 12:53 | Queue | Villager (Male) |
| 13:02 | Build | Blacksmith |
| 13:04 | Queue | Villager (Male) |
| 13:05 | Queue | Archer |
| 13:09 | Build | Farm |
| 13:13 | Queue | Archer |
| 13:18 | Build | Farm |
| 13:32 | Build | Farm |
| 13:38 | Queue | Villager (Male) |
| 13:42 | Build | Farm |
| 13:55 | Queue | Villager (Male) |
| 13:58 | Build | Farm |
| 14:08 | Queue | Archer |
| 14:14 | Build | Farm |
| 14:27 | Research | Fletching |
| 14:27 | Research | Fletching |
| 14:32 | Queue | Archer |
| 14:40 | Queue | Villager (Male) |
| 14:40 | Queue | Villager (Male) |
| 14:42 | Build | Farm |
| 14:58 | Queue | Villager (Male) |
| 15:10 | Build | Farm |
| 15:15 | Queue | Archer |
| 15:25 | Build | Farm |
| 15:27 | Queue | Villager (Male) |
| 15:27 | Queue | Villager (Male) |
| 15:32 | Queue | Archer |
| 15:39 | Queue | Villager (Male) |
| 15:55 | Queue | Villager (Male) |
| 16:05 | Queue | Eagle Scout |
| 16:13 | Queue | Villager (Male) |
| 16:17 | Build | House |
| 16:18 | Build | Farm |
| 16:20 | Build | Farm |
| 16:20 | Queue | Villager (Male) |
| 16:23 | Build | Palisade Wall |
| 16:24 | Queue | Villager (Male) |
| 16:29 | Build | Market |
| 16:30 | Queue | Villager (Male) |
| 16:35 | Queue | Archer |
| 16:54 | Queue | Archer |
| 17:07 | Build | Farm |
| 17:11 | Queue | Archer |
| 17:21 | Build | Archery Range |
| 17:43 | Build | House |
| 18:26 | Research | Castle Age |
| 18:26 | Research | Castle Age |
| 18:38 | Build | Palisade Gate |
| 18:54 | Build | Palisade Wall |
| 18:58 | Queue | Archer |
| 19:09 | Build | Farm |
| 19:09 | Build | Farm |
| 19:11 | Queue | Eagle Scout |
| 19:11 | Queue | Eagle Scout |
| 19:14 | Research | Scale Mail Armor |
| 19:14 | Research | Scale Mail Armor |
| 19:25 | Research | Gold Mining |
| 19:25 | Research | Gold Mining |
| 19:26 | Queue | Archer |
| 19:26 | Queue | Archer |
| 19:35 | Build | Farm |
| 19:37 | Queue | Villager (Male) |
| 19:50 | Build | House |
| 19:55 | Queue | Archer |
| 19:56 | Queue | Eagle Scout |
| 20:07 | Queue | Archer |
| 20:27 | Queue | Archer |
| 20:56 | Queue | Eagle Scout |
| 20:57 | Queue | Eagle Scout |
| 21:06 | Queue | Archer |
| 21:06 | Age | Castle Age |
| 21:29 | Research | Crossbowman (upgrade) |
| 21:31 | Research | Bodkin Arrow |
| 21:31 | Queue | Villager (Male) |
| 21:31 | Queue | Villager (Male) |
| 21:35 | Queue | Villager (Male) |
| 21:35 | Queue | Villager (Male) |
| 21:38 | Build | Siege Workshop |
| 21:41 | Queue | Villager (Male) |
| 22:08 | Queue | Villager (Male) |
| 22:08 | Queue | Villager (Male) |
Build order — 半月回淑
First 150 of 210 actions detected
| 0:00 | Queue | Villager (Male) |
| 0:01 | Queue | Villager (Male) |
| 0:01 | Queue | Villager (Male) |
| 0:02 | Build | House |
| 0:03 | Build | House |
| 0:10 | Queue | Villager (Male) |
| 1:29 | Queue | Villager (Male) |
| 1:57 | Build | Lumber Camp |
| 2:03 | Queue | Villager (Male) |
| 2:21 | Queue | Villager (Male) |
| 2:44 | Queue | Villager (Male) |
| 3:15 | Queue | Villager (Male) |
| 3:29 | Build | House |
| 3:37 | Queue | Villager (Male) |
| 3:40 | Queue | Villager (Male) |
| 4:03 | Build | House |
| 4:33 | Build | Palisade Wall |
| 4:36 | Queue | Villager (Male) |
| 4:36 | Queue | Villager (Male) |
| 4:36 | Queue | Villager (Male) |
| 4:41 | Build | Mill |
| 4:58 | Queue | Villager (Male) |
| 4:58 | Queue | Villager (Male) |
| 5:21 | Queue | Villager (Male) |
| 5:23 | Research | Loom |
| 5:58 | Build | Palisade Wall |
| 6:00 | Build | Palisade Wall |
| 6:42 | Research | Feudal Age |
| 7:54 | Build | Palisade Wall |
| 7:55 | Build | Palisade Wall |
| 8:02 | Build | Barracks |
| 8:21 | Queue | Villager (Male) |
| 8:52 | Age | Feudal Age |
| 8:54 | Build | Stable |
| 9:13 | Queue | Villager (Male) |
| 9:35 | Build | Palisade Wall |
| 9:37 | Build | Palisade Wall |
| 9:41 | Build | Palisade Wall |
| 9:42 | Build | Palisade Wall |
| 9:44 | Build | Palisade Wall |
| 9:46 | Queue | Scout Cavalry |
| 9:46 | Queue | Villager (Male) |
| 10:03 | Queue | Villager (Male) |
| 10:10 | Queue | Scout Cavalry |
| 10:16 | Research | Double-Bit Axe |
| 10:17 | Research | Horse Collar |
| 10:25 | Queue | Villager (Male) |
| 10:35 | Build | Farm |
| 10:40 | Build | Farm |
| 10:41 | Queue | Scout Cavalry |
| 11:03 | Queue | Villager (Male) |
| 11:05 | Build | Farm |
| 11:12 | Queue | Villager (Male) |
| 11:32 | Queue | Villager (Male) |
| 11:47 | Build | House |
| 11:47 | Queue | Villager (Male) |
| 11:52 | Build | House |
| 11:57 | Queue | Scout Cavalry |
| 12:15 | Build | Farm |
| 12:23 | Build | House |
| 12:25 | Build | House |
| 12:37 | Queue | Villager (Male) |
| 12:46 | Build | Archery Range |
| 12:49 | Queue | Villager (Male) |
| 12:58 | Build | Farm |
| 13:13 | Build | Farm |
| 13:27 | Build | House |
| 13:30 | Build | Palisade Wall |
| 13:33 | Build | Mining Camp |
| 13:36 | Queue | Villager (Male) |
| 13:45 | Build | Farm |
| 13:57 | Queue | Skirmisher |
| 14:03 | Queue | Villager (Male) |
| 14:06 | Build | Mill |
| 14:11 | Queue | Villager (Male) |
| 14:17 | Queue | Skirmisher |
| 14:31 | Research | Wheelbarrow |
| 14:32 | Research | Wheelbarrow |
| 14:41 | Build | Farm |
| 14:46 | Queue | Skirmisher |
| 14:57 | Build | Farm |
| 15:10 | Build | Palisade Gate |
| 15:12 | Build | Palisade Wall |
| 15:17 | Build | Farm |
| 15:18 | Queue | Villager (Male) |
| 15:48 | Queue | Skirmisher |
| 15:54 | Build | House |
| 16:07 | Queue | Villager (Male) |
| 16:12 | Build | House |
| 16:17 | Build | Farm |
| 16:17 | Build | Farm |
| 16:18 | Build | Farm |
| 16:18 | Build | Farm |
| 16:39 | Queue | Villager (Male) |
| 16:49 | Build | House |
| 17:16 | Build | Blacksmith |
| 17:24 | Research | Castle Age |
| 17:24 | Research | Castle Age |
| 17:25 | Research | Castle Age |
| 17:26 | Queue | Skirmisher |
| 17:39 | Build | House |
| 17:40 | Build | House |
| 17:48 | Build | House |
| 17:50 | Build | House |
| 17:51 | Build | House |
| 17:54 | Build | House |
| 18:01 | Queue | Skirmisher |
| 18:19 | Queue | Skirmisher |
| 18:20 | Research | Fletching |
| 18:56 | Queue | Skirmisher |
| 19:15 | Build | Stable |
| 19:25 | Queue | Skirmisher |
| 19:35 | Research | Scale Barding Armor |
| 19:35 | Research | Scale Barding Armor |
| 19:41 | Queue | Skirmisher |
| 20:04 | Age | Castle Age |
| 20:09 | Research | Bodkin Arrow |
| 20:11 | Research | Light Cavalry (upgrade) |
| 20:26 | Queue | Villager (Male) |
| 20:35 | Queue | Villager (Male) |
| 20:37 | Build | Town Center |
| 20:44 | Queue | Skirmisher |
| 20:55 | Queue | Skirmisher |
| 21:26 | Queue | Villager (Male) |
| 21:35 | Build | Siege Workshop |
| 21:41 | Queue | Villager (Male) |
| 21:55 | Queue | Villager (Male) |
| 22:00 | Research | Bow Saw |
| 22:01 | Build | Lumber Camp |
| 22:02 | Research | Heavy Plow |
| 22:16 | Build | House |
| 22:17 | Build | House |
| 22:42 | Queue | Mangonel |
| 22:47 | Research | Bloodlines |
| 22:59 | Queue | Villager (Male) |
| 23:04 | Queue | Knight |
| 23:16 | Queue | Villager (Male) |
| 23:32 | Queue | Mangonel |
| 23:33 | Queue | Knight |
| 23:47 | Queue | Villager (Male) |
| 24:00 | Queue | Villager (Male) |
| 24:03 | Build | Town Center |
| 24:05 | Queue | Villager (Male) |
| 24:05 | Queue | Knight |
| 24:17 | Queue | Villager (Male) |
| 24:20 | Build | Farm |
| 24:24 | Build | Farm |
| 24:25 | Queue | Villager (Male) |
| 24:30 | Queue | Villager (Male) |
| 24:32 | Research | Town Watch |
Match timeline
| 4:33 | 半月回淑 · wall_segment Palisade Wall x1 |
| 5:08 | iamkaito · first_building Barracks |
| 5:10 | iamkaito · wall_segment Palisade Wall x1 |
| 5:11 | iamkaito · wall_segment Palisade Wall x1 |
| 5:58 | 半月回淑 · wall_segment Palisade Wall x1 |
| 6:00 | 半月回淑 · wall_segment Palisade Wall x8 |
| 6:26 | iamkaito · wall_segment Palisade Wall x3 |
| 6:29 | iamkaito · wall_segment Palisade Wall x3 |
| 6:52 | iamkaito · wall_segment Palisade Wall x13 |
| 6:59 | iamkaito · wall_segment Palisade Wall x13 |
| 7:54 | 半月回淑 · wall_segment Palisade Wall x1 |
| 7:54 | iamkaito · wall_segment Palisade Wall x9 |
| 7:55 | 半月回淑 · wall_segment Palisade Wall x1 |
| 8:02 | 半月回淑 · first_building Barracks |
| 8:52 | 半月回淑 · age_up feudal |
| 8:54 | 半月回淑 · first_building Stable |
| 9:14 | iamkaito · wall_segment Palisade Wall x8 |
| 9:35 | 半月回淑 · wall_segment Palisade Wall x1 |
| 9:37 | 半月回淑 · wall_segment Palisade Wall x4 |
| 9:41 | 半月回淑 · wall_segment Palisade Wall x1 |
| 9:42 | 半月回淑 · wall_segment Palisade Wall x1 |
| 9:44 | 半月回淑 · wall_segment Palisade Wall x1 |
| 11:13 | iamkaito · age_up feudal |
| 11:25 | iamkaito · first_building Archery Range |
| 12:46 | 半月回淑 · first_building Archery Range |
| 13:30 | 半月回淑 · wall_segment Palisade Wall x10 |
| 15:12 | 半月回淑 · wall_segment Palisade Wall x3 |
| 16:23 | iamkaito · wall_segment Palisade Wall x1 |
| 18:21 | iamkaito · first_market_sell 100 wood |
| 18:54 | iamkaito · wall_segment Palisade Wall x1 |
| 20:04 | 半月回淑 · age_up castle |
| 21:06 | iamkaito · age_up castle |
| 21:35 | 半月回淑 · first_building Siege Workshop |
| 21:38 | iamkaito · first_building Siege Workshop |
| 22:19 | iamkaito · wall_segment Palisade Wall x1 |
| 28:12 | iamkaito · first_building Monastery |
| 31:57 | iamkaito · first_building Castle |
| 32:40 | 半月回淑 · resign |
[ AI ANALYSIS · 1 CREDIT ]
What really happened in this match?
Wolo.gg analyzes every decision: build order, eco, micro, common mistakes by bracket. Personalized analysis on WhatsApp or Discord in 30 seconds.
Civ guide
Maya
Perfil
nW | iamkaito